 Dungeon Crawl Stone Soup version 0.28.0-62-gf88900778d (webtiles) character file.

Game seed: 10841340020200502140

62 tkbsonic5 the Chiller (level 3, -4/27 HPs)
             Began as a Palentonga Ice Elementalist on July 9, 2023.
             Frozen to death by an endoplasm (5 damage)
             ... on level 3 of the Dungeon on July 10, 2023.
             The game lasted 00:09:58 (3043 turns).

tkbsonic5 the Chiller (Palentonga Ice Elementalist) Turns: 3043, Time: 00:10:00

Health: -4/27      AC:  7    Str: 11    XL:     3   Next: 85%
Magic:  0/7        EV:  9    Int: 17    God:
Gold:   88         SH:  0    Dex: 10    Spells: 1/7 levels left

rFire   . . .      SeeInvis +   b - +0 whip
rCold   . . .      Faith    .   (no shield)
rNeg    . . .      Spirit   +   a - +0 robe {Riding Stormy, The Pony}
rPois   .          Reflect  .   g - +2 helmet {Ice Witch Meysa}
rElec   .          Harm     .   (no cloak)
rCorr   .          Rampage  .   (no gloves)
Will    .....                   (no barding)
Stlth   +.........              k - amulet of guardian spirit
HPRegen 0.09/turn               (no ring)
MPRegen 0.10/turn               (no ring)

@: no status effects
A: large, rugged brown scales 3, see invisible, deformed body, roll 1, armoured
tail
a: Rolling Charge


You were on level 3 of the Dungeon.
You visited 1 branch of the dungeon, and saw 3 of its levels.

You collected 88 gold pieces.

Inventory:

Hand Weapons
 b - a +0 whip (weapon)
 e - a +0 mace
 f - a +0 mace of holy wrath
Armour
 a - a +0 robe (worn) {Riding Stormy, The Pony}
 g - a +2 helmet (worn) {Ice Witch Meysa}
 l - a +0 plate armour
Jewellery
 k - an amulet of guardian spirit (around neck)
Scrolls
 d - a scroll of blinking


   Skills:
 - Level 1.0 Fighting
 * Level 0.2 Maces & Flails
 - Level 1.5 Dodging
 - Level 1.2 Stealth
 * Level 2.7 Spellcasting
 * Level 0.1 Conjurations
 * Level 0.6 Summonings
 * Level 3.7 Ice Magic
 * Level 0.2 Air Magic
 * Level 0.1 Poison Magic


You had one spell level left.
You knew the following spells:

 Your Spells              Type           Power      Damage    Failure   Level
a - Freeze                Ice            60%        1d8       3%          1
b - Call Imp              Summ           4%         N/A       21%         2
c - Mephitic Cloud        Conj/Pois/Air  2%         N/A       45%         3

Your spell library contained the following spells:

 Spells                   Type           Power      Damage    Failure   Level
 Magic Dart               Conj           8%         1d3       17%         1
 Frozen Ramparts          Ice            30%        1d5       12%         3
 Ozocubu's Armour         Ice            15%        N/A       12%         3
 Hailstorm                Conj/Ice       8%         3d4       63%         4


Dungeon Overview and Level Annotations

Branches:
Dungeon (3/15)

Altars:

Annotations:
D:2 1 runed translucent door, Crazy Yiuf
D:3 Sigmund


Innate Abilities, Weirdness & Mutations

You are completely covered in rugged brown scales. (AC +3, +7% HP)
You have supernaturally acute eyesight. (SInv)
Armour fits poorly on your strangely shaped body.
You can roll at nearby foes to attack.
You have a long armoured tail.


Message History

You bump into the rock wall.
The endoplasm barely misses you. Sigmund closely misses you.
Unknown command.
You bump into the rock wall.
The endoplasm freezes you.
You are frozen.
You aren't carrying any potions.
Unknown command.
Are you sure you want to stumble around while confused and next to your crimson imp? [Y]es or [N]o only, please.
Are you sure you want to stumble around while confused and next to your crimson imp?
You're too confused to move!
The endoplasm hits you but does no damage.
Sigmund gestures at you while chanting. The magic dart hits you!
Your crimson imp hits Sigmund.
Are you sure you want to stumble around while confused and next to your crimson imp? [Y]es or [N]o only, please.
Are you sure you want to stumble around while confused and next to your crimson imp?
You closely miss your crimson imp.
Your crimson imp disappears in a puff of smoke!
The endoplasm barely misses you. Sigmund barely misses you.
You closely miss Sigmund.
Sigmund is severely wounded.
The endoplasm closely misses you.
Sigmund hits you with a +5 scythe of protection.
The endoplasm freezes you.
You are frozen.
There are monsters nearby!
You bump into the rock wall.
The endoplasm freezes you.
You are frozen.
* * * LOW HITPOINT WARNING * * *
You hit Sigmund.
Your tail-slap misses Sigmund.
Sigmund is almost dead.
You feel less confused.
Sigmund hits you with a +5 scythe of protection!
* * * LOW HITPOINT WARNING * * *
The endoplasm freezes you.
You are frozen.
You die...

.................
.....
.........######..
..#.# .#####..###
#.#.. #$......#
..#.. #.#.†##.#
### #.#..# # #
#..# #..# #@@#
#.J# ### #..# #.#
...... #.#
......### #.#
##...... #.#
....?$##. #.#
.##.#..# . #.###
#.#..# # #....


You could see Sigmund and an endoplasm.

Vanquished Creatures
  A dart slug (D:2)
  4 bats
  3 endoplasms
  3 giant cockroaches (D:2)
  6 goblins
  6 hobgoblins
  2 jackals (D:1)
  A quokka (D:3)
  2 ball pythons
  2 frilled lizards
  6 kobolds
  4 rats
40 creatures vanquished.

Vanquished Creatures (collateral kills)
  An adder (D:3)
  A worm (D:3)
  A giant cockroach (D:3)
3 creatures vanquished.

Grand Total: 43 creatures vanquished

Notes
Turn   | Place    | Note
-------+----------+-------------------------------------------
     0 | D:1      | tkbsonic5 the Palentonga Ice Elementalist began the quest
                  | for the Orb.
     0 | D:1      | Reached XP level 1. HP: 13/13 MP: 3/3
   458 | D:1      | Reached XP level 2. HP: 21/21 MP: 0/5
   994 | D:1      | Found a faded altar of an unknown god.
  1513 | D:2      | Learned a level 2 spell: Call Imp
  1601 | D:2      | Reached XP level 3. HP: 22/26 MP: 6/6
  1677 | D:2      | Reached skill level 1 in Fighting
  2261 | D:2      | Found a runed translucent door.
  2262 | D:2      | Noticed Crazy Yiuf
  2646 | D:3      | Learned a level 3 spell: Mephitic Cloud
  2951 | D:3      | Noticed Sigmund
  3043 | D:3      | HP: 1/27 [Sigmund/+5 scythe of protection (5)]
  3043 | D:3      | Frozen to death by an endoplasm

Illustrated notes

Levels and vault maps discovered:
D:1:      elethiomel_arrival_quiet, layout_loops_cross, serial_forest,
          infiniplex_forest_lined_3_way, infiniplex_forest_straight_4,
          infiniplex_forest_lined_3_way, infiniplex_forest_lined_ring,
          infiniplex_forest_zigzag_1, infiniplex_forest_corner_1,
          infiniplex_forest_clump_small, chequers_ecumenical_altar_simple,
          minmay_tree_intersection, minmay_misc_feat_secret_circle,
          chequers_hall_statues_corner_a
D:2:      layout_basic, grunt_ministairs_8, uniq_crazy_yiuf_cottage
D:3:      cheibrodos_pilgrimage, layout_basic, mainiacjoe_overflow_alcove_4,
          uniq_sigmund, uniq_jessica

Skill      XL: |  1  2  3 |
---------------+----------+-----
Fighting       | 1 |  1.0
Maces & Flails | |  0.2
Dodging        | |  1.5
Stealth        | |  1.2
Spellcasting   | |  2.7
Conjurations   | |  0.1
Summonings     | |  0.6
Ice Magic      | |  3.7
Air Magic      | |  0.2
Poison Magic   | |  0.1

Action                   || total
-------------------------++-------
Melee: Whip              ||    39
       Tailslap          ||     4
       Mace              ||    22
 Cast: Freeze            ||    50
       Call Imp          ||     4
 Abil: Rolling Charge    ||    37
  Use: Scroll            ||     6
       Potion            ||     5
Armor: Robe              ||    30
       Skin              ||    17
Dodge: Dodged            ||    50
